[ AOE2 MATCH · #495295618 ]
UnrankedHuns vs Incas
Player's team · WIN
Rival team · LOSS
[ REPLAY ANALYSIS · EXTRACTED FROM THE RECORDED GAME ]
Feudal
8:53
Castle
23:15
Imperial
39:59
| APM avg | 64.9 |
| APM peak | 116 |
| eAPM avg | 21.7 |
| Villagers / military | 128 / 158 |
Focus
⚔️ 33.4% · 🌾 66.6%
Cavalry Archer ×96 · Scout Cavalry ×30 · Skirmisher ×16 · Knight ×10 · Monk ×4 · Mangonel ×2
Feudal
9:16
Castle
23:30
Imperial
—
| APM avg | 83.8 |
| APM peak | 137 |
| eAPM avg | 40.6 |
| Villagers / military | 169 / 46 |
Focus
⚔️ 54.1% · 🌾 45.9%
Unknown (2550) ×149 · Archer ×25 · Scorpion ×9 · Battering Ram ×5 · Spearman ×4 · Skirmisher ×3
Match map
Initial resources + every placement click. Lines = walls · curves = elevation contours. ◆ gold · ⬟ stone · ● berries · ✦ relic · ◌ wall gap
Your base· Open — 7t gap
Overcat's base· Open — unwalled flank
Smoothed initial terrain · ◌ = detected wall gap · hover for details
Inputs per minute
— LM | Gelga - - Overcat
Build order — LM | Gelga
First 150 of 379 actions detected
| 0:01 | Create | Villager (Male) |
| 0:01 | Create | Villager (Male) |
| 0:02 | Create | Villager (Male) |
| 0:02 | Create | Villager (Male) |
| 0:02 | Create | Villager (Male) |
| 1:14 | Create | Villager (Male) |
| 1:45 | Create | Villager (Male) |
| 1:53 | Build | Lumber Camp |
| 1:57 | Create | Villager (Male) |
| 1:58 | Create | Villager (Male) |
| 2:52 | Create | Villager (Male) |
| 2:52 | Create | Villager (Male) |
| 3:12 | Create | Villager (Male) |
| 3:25 | Create | Villager (Male) |
| 3:56 | Create | Villager (Male) |
| 4:26 | Create | Villager (Male) |
| 4:44 | Create | Villager (Male) |
| 5:07 | Build | Mill |
| 5:10 | Create | Villager (Male) |
| 5:42 | Create | Villager (Male) |
| 6:03 | Research | Loom |
| 6:43 | Research | Feudal Age |
| 7:46 | Build | Barracks |
| 8:45 | Create | Villager (Male) |
| 8:46 | Create | Villager (Male) |
| 8:53 | Age | Feudal Age |
| 8:59 | Build | Stable |
| 9:08 | Research | Double-Bit Axe |
| 9:10 | Create | Villager (Male) |
| 9:48 | Create | Villager (Male) |
| 10:06 | Create | Villager (Male) |
| 10:08 | Create | Scout Cavalry |
| 10:08 | Create | Scout Cavalry |
| 10:19 | Build | Palisade Wall |
| 10:23 | Build | Palisade Wall |
| 10:29 | Research | Horse Collar |
| 10:35 | Create | Scout Cavalry |
| 10:41 | Build | Palisade Wall |
| 10:43 | Build | Palisade Wall |
| 10:43 | Build | Palisade Wall |
| 11:02 | Create | Scout Cavalry |
| 11:06 | Create | Villager (Male) |
| 11:36 | Create | Villager (Male) |
| 11:47 | Create | Villager (Male) |
| 11:50 | Build | Farm |
| 11:51 | Build | Farm |
| 11:51 | Build | Farm |
| 12:16 | Create | Scout Cavalry |
| 12:20 | Create | Villager (Male) |
| 12:23 | Build | Farm |
| 12:36 | Build | Archery Range |
| 12:50 | Create | Villager (Male) |
| 12:56 | Build | Palisade Wall |
| 13:08 | Create | Villager (Male) |
| 13:12 | Build | Mining Camp |
| 13:33 | Create | Villager (Male) |
| 13:46 | Research | Wheelbarrow |
| 13:58 | Build | Palisade Wall |
| 14:00 | Build | Farm |
| 14:00 | Build | Farm |
| 14:01 | Build | Farm |
| 14:01 | Build | Farm |
| 14:01 | Build | Farm |
| 14:01 | Build | Farm |
| 14:40 | Create | Villager (Male) |
| 14:43 | Build | Farm |
| 14:43 | Build | Farm |
| 14:43 | Build | Farm |
| 14:44 | Build | Farm |
| 15:42 | Create | Villager (Male) |
| 15:46 | Build | Lumber Camp |
| 15:56 | Create | Skirmisher |
| 15:56 | Create | Skirmisher |
| 15:58 | Create | Villager (Male) |
| 16:00 | Build | Farm |
| 16:22 | Create | Villager (Male) |
| 16:24 | Build | Farm |
| 16:26 | Build | Farm |
| 16:39 | Create | Skirmisher |
| 16:43 | Create | Villager (Male) |
| 17:01 | Create | Skirmisher |
| 17:02 | Create | Villager (Male) |
| 17:06 | Build | Blacksmith |
| 17:16 | Create | Skirmisher |
| 17:16 | Create | Villager (Male) |
| 17:44 | Create | Skirmisher |
| 17:45 | Create | Villager (Male) |
| 17:48 | Build | Farm |
| 17:48 | Build | Farm |
| 17:48 | Build | Farm |
| 17:48 | Build | Farm |
| 17:54 | Research | Fletching |
| 18:04 | Create | Villager (Male) |
| 18:18 | Create | Skirmisher |
| 18:22 | Create | Villager (Male) |
| 18:26 | Build | Farm |
| 18:26 | Build | Farm |
| 18:46 | Build | Watch Tower |
| 18:54 | Create | Villager (Male) |
| 18:56 | Create | Skirmisher |
| 18:56 | Create | Skirmisher |
| 19:35 | Build | Barracks |
| 19:44 | Create | Villager (Male) |
| 20:14 | Build | Market |
| 20:25 | Build | Palisade Wall |
| 20:35 | Research | Castle Age |
| 20:43 | Create | Skirmisher |
| 20:58 | Build | Archery Range |
| 21:10 | Build | Farm |
| 21:32 | Research | Padded Archer Armor |
| 21:32 | Research | Padded Archer Armor |
| 21:41 | Build | Palisade Wall |
| 21:53 | Create | Skirmisher |
| 21:53 | Create | Skirmisher |
| 21:54 | Create | Skirmisher |
| 21:54 | Create | Skirmisher |
| 21:56 | Research | Gold Mining |
| 22:16 | Research | Bloodlines |
| 22:17 | Research | Bloodlines |
| 22:22 | Build | Palisade Wall |
| 22:35 | Create | Skirmisher |
| 22:35 | Create | Skirmisher |
| 22:52 | Build | Palisade Wall |
| 23:03 | Create | Villager (Male) |
| 23:15 | Age | Castle Age |
| 23:16 | Research | Bodkin Arrow |
| 23:17 | Research | Bodkin Arrow |
| 23:18 | Research | Elite Skirmisher (upgrade) |
| 23:18 | Research | Elite Skirmisher (upgrade) |
| 23:21 | Create | Villager (Male) |
| 23:26 | Build | University |
| 23:39 | Create | Cavalry Archer |
| 23:39 | Create | Cavalry Archer |
| 23:40 | Create | Villager (Male) |
| 23:46 | Create | Villager (Male) |
| 23:55 | Create | Cavalry Archer |
| 23:55 | Create | Cavalry Archer |
| 24:05 | Create | Villager (Male) |
| 24:14 | Create | Villager (Male) |
| 24:23 | Create | Villager (Male) |
| 24:28 | Create | Cavalry Archer |
| 24:28 | Create | Cavalry Archer |
| 24:37 | Research | Ballistics |
| 24:38 | Research | Ballistics |
| 24:49 | Research | Husbandry |
| 24:49 | Research | Husbandry |
| 24:51 | Create | Cavalry Archer |
| 24:52 | Create | Cavalry Archer |
| 24:56 | Build | Palisade Wall |
| 24:57 | Build | Palisade Wall |
Build order — Overcat
First 150 of 553 actions detected
| 0:01 | Create | Villager (Male) |
| 0:02 | Build | House |
| 0:05 | Create | Villager (Male) |
| 0:05 | Create | Villager (Male) |
| 0:08 | Create | Villager (Male) |
| 1:15 | Create | Villager (Male) |
| 1:15 | Create | Villager (Male) |
| 1:15 | Create | Villager (Male) |
| 1:36 | Create | Villager (Male) |
| 1:37 | Create | Villager (Male) |
| 1:51 | Build | Settlement |
| 2:10 | Create | Villager (Male) |
| 2:11 | Create | Villager (Male) |
| 2:30 | Create | Villager (Male) |
| 2:31 | Create | Villager (Male) |
| 2:50 | Create | Villager (Male) |
| 3:20 | Create | Villager (Male) |
| 3:53 | Create | Villager (Male) |
| 4:23 | Create | Villager (Male) |
| 4:46 | Build | Barracks |
| 4:56 | Create | Villager (Male) |
| 5:18 | Create | Villager (Male) |
| 5:39 | Create | Villager (Male) |
| 5:46 | Build | House |
| 5:48 | Create | Villager (Male) |
| 5:56 | Research | Loom |
| 7:00 | Research | Feudal Age |
| 7:09 | Build | Settlement |
| 7:25 | Create | Unit 2550 |
| 7:46 | Create | Unit 2550 |
| 8:10 | Create | Unit 2550 |
| 8:21 | Create | Villager (Male) |
| 8:40 | Build | House |
| 8:43 | Build | Palisade Wall |
| 8:44 | Build | Palisade Wall |
| 8:57 | Create | Villager (Male) |
| 9:16 | Age | Feudal Age |
| 9:21 | Research | Tech 1402 |
| 9:29 | Build | Palisade Wall |
| 9:37 | Create | Spearman |
| 9:47 | Build | Palisade Wall |
| 9:48 | Build | Palisade Wall |
| 9:51 | Build | Palisade Wall |
| 9:57 | Build | Palisade Wall |
| 9:59 | Build | Palisade Wall |
| 10:01 | Create | Villager (Male) |
| 10:04 | Build | Archery Range |
| 10:15 | Create | Spearman |
| 10:19 | Build | Farm |
| 10:29 | Build | Farm |
| 10:30 | Create | Villager (Male) |
| 10:36 | Build | Farm |
| 10:57 | Create | Villager (Male) |
| 11:03 | Create | Archer |
| 11:05 | Build | Farm |
| 11:22 | Create | Villager (Male) |
| 11:41 | Create | Archer |
| 11:55 | Create | Villager (Male) |
| 11:59 | Create | Villager (Male) |
| 12:07 | Build | Farm |
| 12:11 | Create | Archer |
| 12:11 | Create | Archer |
| 12:12 | Create | Spearman |
| 12:17 | Build | Palisade Wall |
| 12:20 | Build | House |
| 12:21 | Build | Palisade Wall |
| 12:23 | Create | Villager (Male) |
| 12:23 | Create | Villager (Male) |
| 12:24 | Create | Villager (Male) |
| 12:28 | Create | Spearman |
| 12:40 | Build | Palisade Wall |
| 12:47 | Create | Villager (Male) |
| 12:49 | Build | House |
| 12:52 | Create | Archer |
| 12:53 | Create | Archer |
| 12:54 | Build | Palisade Wall |
| 12:55 | Build | Palisade Wall |
| 12:57 | Build | Palisade Wall |
| 12:58 | Build | Palisade Wall |
| 13:00 | Build | Palisade Wall |
| 13:01 | Create | Villager (Male) |
| 13:06 | Create | Archer |
| 13:06 | Create | Archer |
| 13:17 | Build | Palisade Wall |
| 13:28 | Create | Villager (Male) |
| 13:32 | Create | Villager (Male) |
| 13:32 | Create | Villager (Male) |
| 13:35 | Build | Palisade Wall |
| 13:49 | Create | Archer |
| 13:49 | Create | Archer |
| 14:02 | Build | Blacksmith |
| 14:05 | Create | Villager (Male) |
| 14:07 | Build | Palisade Wall |
| 14:08 | Create | Villager (Male) |
| 14:11 | Build | Palisade Wall |
| 14:12 | Build | Palisade Wall |
| 14:13 | Build | Palisade Wall |
| 14:27 | Create | Villager (Male) |
| 14:28 | Create | Archer |
| 14:39 | Build | House |
| 14:47 | Create | Villager (Male) |
| 14:49 | Create | Archer |
| 14:49 | Create | Archer |
| 14:49 | Create | Archer |
| 14:49 | Create | Archer |
| 14:52 | Build | Palisade Wall |
| 15:06 | Build | Palisade Wall |
| 15:17 | Build | Farm |
| 15:32 | Build | Palisade Wall |
| 15:35 | Create | Villager (Male) |
| 15:44 | Create | Villager (Male) |
| 15:51 | Create | Villager (Male) |
| 15:54 | Build | Farm |
| 15:59 | Create | Villager (Male) |
| 16:07 | Create | Villager (Male) |
| 16:11 | Build | House |
| 16:22 | Research | Fletching |
| 16:23 | Create | Villager (Male) |
| 16:24 | Build | Farm |
| 16:40 | Build | House |
| 16:41 | Build | Palisade Wall |
| 16:42 | Create | Villager (Male) |
| 16:48 | Create | Villager (Male) |
| 16:59 | Create | Unit 2550 |
| 17:00 | Create | Unit 2550 |
| 17:03 | Build | Farm |
| 17:18 | Create | Villager (Male) |
| 17:30 | Create | Villager (Male) |
| 17:31 | Create | Archer |
| 17:37 | Create | Villager (Male) |
| 17:43 | Build | Farm |
| 17:43 | Build | Farm |
| 17:44 | Create | Unit 2550 |
| 17:49 | Create | Villager (Male) |
| 17:50 | Create | Unit 2550 |
| 17:55 | Create | Villager (Male) |
| 17:57 | Build | House |
| 18:04 | Create | Villager (Male) |
| 18:22 | Create | Villager (Male) |
| 18:24 | Build | Farm |
| 18:48 | Create | Archer |
| 18:49 | Create | Villager (Male) |
| 18:53 | Build | Farm |
| 18:55 | Create | Archer |
| 18:56 | Create | Archer |
| 19:27 | Create | Villager (Male) |
| 19:33 | Create | Villager (Male) |
| 19:36 | Build | Farm |
| 19:47 | Create | Villager (Male) |
| 19:50 | Build | Farm |
Match timeline
| 4:46 | Overcat · first_building Barracks |
| 7:46 | LM | Gelga · first_building Barracks |
| 8:43 | Overcat · wall_segment Palisade Wall x5 |
| 8:44 | Overcat · wall_segment Palisade Wall x1 |
| 8:53 | LM | Gelga · age_up feudal |
| 8:59 | LM | Gelga · first_building Stable |
| 9:16 | Overcat · age_up feudal |
| 9:29 | Overcat · wall_segment Palisade Wall x1 |
| 9:47 | Overcat · wall_segment Palisade Wall x1 |
| 9:48 | Overcat · wall_segment Palisade Wall x1 |
| 9:51 | Overcat · wall_segment Palisade Wall x1 |
| 9:57 | Overcat · wall_segment Palisade Wall x1 |
| 9:59 | Overcat · wall_segment Palisade Wall x1 |
| 10:04 | Overcat · first_building Archery Range |
| 10:19 | LM | Gelga · wall_segment Palisade Wall x10 |
| 10:23 | LM | Gelga · wall_segment Palisade Wall x12 |
| 10:41 | LM | Gelga · wall_segment Palisade Wall x1 |
| 10:43 | LM | Gelga · wall_segment Palisade Wall x1 |
| 10:43 | LM | Gelga · wall_segment Palisade Wall x1 |
| 12:17 | Overcat · wall_segment Palisade Wall x6 |
| 12:21 | Overcat · wall_segment Palisade Wall x1 |
| 12:36 | LM | Gelga · first_building Archery Range |
| 12:40 | Overcat · wall_segment Palisade Wall x1 |
| 12:54 | Overcat · wall_segment Palisade Wall x1 |
| 12:55 | Overcat · wall_segment Palisade Wall x1 |
| 12:56 | LM | Gelga · wall_segment Palisade Wall x7 |
| 12:57 | Overcat · wall_segment Palisade Wall x1 |
| 12:58 | Overcat · wall_segment Palisade Wall x1 |
| 13:00 | Overcat · wall_segment Palisade Wall x1 |
| 13:17 | Overcat · wall_segment Palisade Wall x1 |
| 13:35 | Overcat · wall_segment Palisade Wall x5 |
| 13:58 | LM | Gelga · wall_segment Palisade Wall x9 |
| 14:07 | Overcat · wall_segment Palisade Wall x4 |
| 14:11 | Overcat · wall_segment Palisade Wall x1 |
| 14:12 | Overcat · wall_segment Palisade Wall x1 |
| 14:13 | Overcat · wall_segment Palisade Wall x1 |
| 14:52 | Overcat · wall_segment Palisade Wall x7 |
| 15:06 | Overcat · wall_segment Palisade Wall x4 |
| 15:32 | Overcat · wall_segment Palisade Wall x1 |
| 16:41 | Overcat · wall_segment Palisade Wall x5 |
| 20:25 | LM | Gelga · wall_segment Palisade Wall x1 |
| 21:41 | LM | Gelga · wall_segment Palisade Wall x1 |
| 22:17 | Overcat · wall_segment Palisade Wall x2 |
| 22:22 | LM | Gelga · wall_segment Palisade Wall x1 |
| 22:52 | LM | Gelga · wall_segment Palisade Wall x1 |
| 23:15 | LM | Gelga · age_up castle |
| 23:30 | Overcat · age_up castle |
| 24:34 | LM | Gelga · first_market_sell 100 food |
| 24:56 | LM | Gelga · wall_segment Palisade Wall x1 |
| 24:57 | LM | Gelga · wall_segment Palisade Wall x1 |
| 27:26 | LM | Gelga · wall_segment Stone Wall x1 |
| 28:15 | Overcat · first_building Siege Workshop |
| 28:30 | LM | Gelga · wall_segment Palisade Wall x1 |
| 28:46 | LM | Gelga · first_market_buy 100 stone |
| 33:20 | LM | Gelga · wall_segment Palisade Wall x12 |
| 33:22 | LM | Gelga · wall_segment Palisade Wall x1 |
| 33:31 | LM | Gelga · first_building Monastery |
| 34:57 | Overcat · first_building Monastery |
| 37:41 | LM | Gelga · first_building Siege Workshop |
| 39:59 | LM | Gelga · age_up imperial |
| 43:22 | Overcat · resign |
[ AI ANALYSIS · 1 CREDIT ]
What really happened in this match?
Wolo.gg analyzes every decision: build order, eco, micro, common mistakes by bracket. Personalized analysis on WhatsApp or Discord in 30 seconds.
Civ guide
Huns
Perfil
Jugador #1389602